 Dungeon Crawl Stone Soup version 0.16.1-18-g436b03c (webtiles) character file.

49 Leviathan2552 the Vandal (level 4, 0/29 HPs)
             Began as a Halfling Hunter on May 6, 2015.
             Slain by a ball python (1 damage)
             ... on level 2 of the Dungeon.
             The game lasted 00:08:25 (1310 turns).

Leviathan2552 the Vandal (Halfling Hunter)          Turns: 1310, Time: 00:08:25

Health: 0/29       AC:  4    Str: 12    XL:     4   Next: 1%
Magic:  4/4        EV: 14    Int: 10    God:
Gold:   65         SH:  0    Dex: 15    Spells: 0 memorised, 3 levels left

rFire  . . .     SeeInvis .     e - 6 stones
rCold  . . .     Clarity  .     d - +0 leather armour
rNeg   . . .     SustAb   .     (no shield)
rPois  .         Gourm    .     (no helmet)
rElec  .         Spirit   .     g - +0 cloak
rCorr  .         Warding  .     (no gloves)
rMut   .         Stasis   .     (no boots)
MR     .....                    (no amulet)
Stlth  ++........               (no ring)
                                (no ring)

@: constricted, not resistant to hostile enchantments, unstealthy
A: mutation resistance 1
a: no special abilities


You were on level 2 of the Dungeon.
You were not hungry.

You visited 1 branch of the dungeon, and saw 2 of its levels.

You collected 65 gold pieces.

Inventory:

Hand weapons
 a - a +0 short sword
 b - a +1 hunting sling
 j - a +1 spear of venom
Missiles
 e - 6 stones (in hand)
 q - 7 sling bullets
Armour
 d - a +0 leather armour (worn)
 g - a +0 cloak (worn)
Scrolls
 k - a scroll of identify
 p - a scroll of noise
 r - a scroll of blinking
Potions
 c - a potion of restore abilities {unknown}
 i - a potion of cancellation {unknown}
 m - a potion of invisibility {unknown}
 n - a potion of agility {unknown}
 s - a potion of lignification {unknown}
Comestibles
 f - 2 bread rations
 h - 2 slices of pizza
 l - 2 meat rations


   Skills:
 + Level 1.8 Fighting
 * Level 7.6 Slings
 + Level 2.2 Dodging
 + Level 1.1 Stealth


You had 3 spell levels left.
You didn't know any spells.

Dungeon Overview and Level Annotations

Branches:
Dungeon (2/15)

Altars:


Innate Abilities, Weirdness & Mutations

You are small and have problems with some larger weapons.
You are somewhat resistant to further mutation.


Message History

You clumsily bash the ball python but do no damage.
The ball python closely misses you.
* * * LOW HITPOINT WARNING * * *
The ball python constricts you.
The ball python bites you but does no damage.
The ball python constricts you.
You clumsily bash the ball python but do no damage.
The ball python bites you.
* * * LOW HITPOINT WARNING * * *
The ball python constricts you.
The ball python bites you but does no damage.
The ball python constricts you.
You clumsily bash the ball python but do no damage.
The ball python barely misses you. The ball python constricts you.
The ball python bites you.
* * * LOW HITPOINT WARNING * * *
x2 The ball python constricts you.
You closely miss the ball python. The ball python bites you.
* * * LOW HITPOINT WARNING * * *
You die...

#.# #.# #.# #.# ###########
#.# #.........# #.# ###
#.......#.###.## ##.##
#...#...#.##...## ##...##
##..##.##.#..@..####.....##
#..##........S....)......##
#..#####.###.####.........#
#..# #.# #.# #.##...##.#
###..#####.# #.#
#.###.###.#
#[)........###'## #.# #.#
#.# #.###########...###.#
#.# #.# ###.####
##.....##.###.###.#
#....#.##
##.......#.........#


You could see a ball python.

Vanquished Creatures
  Terence (D:2)
  A worm (D:2)
  A giant gecko (D:1)
  2 oozes (D:1)
  A bat (D:1)
  2 giant cockroaches
  2 goblins
  3 hobgoblins
  2 jackals (D:2)
  4 kobolds
  3 giant newts
  4 rats
26 creatures vanquished.

Notes
Turn   | Place    | Note
--------------------------------------------------------------
     0 | D:1      | Leviathan2552, the Halfling Hunter, began the quest for the Orb.
     0 | D:1      | Reached XP level 1. HP: 14/14 MP: 1/1
    47 | D:1      | Reached skill level 6 in Slings
   266 | D:1      | Reached XP level 2. HP: 19/19 MP: 2/2
   858 | D:2      | Reached skill level 7 in Slings
   858 | D:2      | Reached XP level 3. HP: 20/24 MP: 3/3
   986 | D:2      | Noticed Terence
  1005 | D:2      | Killed Terence
  1096 | D:2      | Reached XP level 4. HP: 25/29 MP: 4/4
  1310 | D:2      | HP: 1/29 [ball python (1)]
  1310 | D:2      | Slain by a ball python

Action                   |  1- 3 |  4- 6 || total
-------------------------+-------+-------++-------
Melee: Spear             |     9 |       ||     9
 Fire: Hunting sling     |    75 |     1 ||    76
Throw: Stone             |     9 |       ||     9
  Use: Scroll            |     4 |       ||     4
  Eat: Chunk             |       |     1 ||     1
